 Dungeon Crawl Stone Soup version 0.30-a0-168-g0b976cbdc4 (webtiles) character file.

Game seed: 2363192225856553146

308 spiderkeys the Grasshopper (level 6, -1/51 HPs)
             Began as a Gnoll Warper on Sept 29, 2022.
             Slain by a gnoll
             ... wielding a +0 halberd
              (14 damage)
             ... on level 4 of the Dungeon.
             The game lasted 00:06:39 (4641 turns).

spiderkeys the Grasshopper (Gnoll Warper)           Turns: 4641, Time: 00:06:40

Health: -1/51      AC:  4    Str: 10    XL:     6   Next: 40%
Magic:  14/14      EV: 13    Int: 15    God:
Gold:   133        SH:  0    Dex: 11    Spells: 15/15 levels left

rFire   . . .      SeeInvis .    k - +0 trident
rCold   + . .      Faith    .    (no shield)
rNeg    . . .      Spirit   .    h - +0 leather armour {rPois}
rPois   +          Reflect  .    t - +0 helmet
rElec   .          Harm     .    (no cloak)
rCorr   .          Rampage  .    (no gloves)
Will    .....                    (no boots)
Stlth   ++........               (no amulet)
HPRegen 0.17/turn                C - ring of protection from cold
MPRegen 0.14/turn                (no ring)

@: no status effects
A: fangs 1, strong nose, distributed training
a: no special abilities


You were on level 4 of the Dungeon.
You visited 1 branch of the dungeon, and saw 4 of its levels.

You collected 133 gold pieces.


Innate Abilities, Weirdness & Mutations

You have very sharp teeth.
Your uncanny sense of smell can sniff out nearby items.
Your experience applies equally to all skills.


   Skills:
 + Level 5.0 Fighting
 + Level 2.0 Short Blades
 + Level 2.0 Long Blades
 + Level 2.0 Axes
 + Level 2.0 Maces & Flails
 + Level 5.0 Polearms
 + Level 2.0 Staves
 + Level 2.0 Ranged Weapons
 + Level 3.3 Throwing
 + Level 3.3 Armour
 + Level 5.0 Dodging
 + Level 2.0 Stealth
 + Level 2.0 Shields
 + Level 2.0 Unarmed Combat
 + Level 5.4 Spellcasting
 + Level 1.6 Conjurations
 + Level 1.6 Hexes
 + Level 1.6 Summonings
 + Level 1.6 Necromancy
 + Level 5.7 Translocations
 + Level 1.6 Transmutations
 + Level 1.6 Fire Magic
 + Level 1.6 Ice Magic
 + Level 1.6 Air Magic
 + Level 1.6 Earth Magic
 + Level 1.6 Poison Magic
 + Level 2.2 Invocations
 + Level 2.0 Evocations


You had 15 spell levels left.
You didn't know any spells.
Your spell library contained the following spells:

 Spells                   Type           Power      Damage    Failure   Level
 Blink                    Tloc           42%        N/A       3%          2
 Gell's Gravitas          Tloc           21%        N/A       6%          3
 Lesser Beckoning         Tloc           21%        N/A       6%          3
 Teleport Other           Tloc           21%        N/A       6%          3
 Manifold Assault         Tloc           21%        N/A       21%         4

Inventory:

Hand Weapons
 a - a +0 spear
 k - a +0 trident (weapon)
   (You took it off an orc on level 4 of the Dungeon)
Missiles
 d - 4 boomerangs of dispersal (quivered) {=f!f}
 m - 30 stones
 o - 10 boomerangs
Armour
 g - a +0 robe
   (You took it off Jessica on level 2 of the Dungeon)
 h - a +0 leather armour of poison resistance (worn)
   (You found it on level 1 of the Dungeon)
 q - a +0 leather armour
   (You found it on level 2 of the Dungeon)
 t - a +0 helmet (worn)
   (You found it on level 2 of the Dungeon)
 u - a +0 scale mail
   (You took it off Terence on level 2 of the Dungeon)
 v - a +0 leather armour
   (You found it on level 3 of the Dungeon)
 x - a +0 ring mail
   (You found it on level 3 of the Dungeon)
 y - a +0 leather armour
   (You took it off an orc on level 3 of the Dungeon)
 A - a +0 leather armour
   (You took it off an orc on level 3 of the Dungeon)
 B - a +0 ring mail
   (You took it off an orc on level 3 of the Dungeon)
 D - a +0 pair of boots
   (You found it on level 3 of the Dungeon)
 E - the +1 scale mail "Zagoink" {rElec rC+ Str+6 Int-5}
   (You found it on level 3 of the Dungeon)

   Str:       It affects your strength (+6).
   Int:       It affects your intelligence (-5).
   rC:        It protects you from cold.
   rElec:     It insulates you from electricity.
 F - a +0 robe
   (You found it on level 3 of the Dungeon)
 G - a +0 leather armour
   (You found it on level 3 of the Dungeon)
 H - a +0 leather armour
   (You took it off an orc on level 3 of the Dungeon)
 J - a +0 ring mail
   (You took it off an orc on level 4 of the Dungeon)
Jewellery
 C - a ring of protection from cold (left hand)
   (You found it on level 1 of the Dungeon)
 T - an amulet of faith {!P}
   (You found it on level 1 of the Dungeon)
Scrolls
 b - a scroll of amnesia {unknown}
 c - a scroll of blinking {!r}
 f - a scroll of magic mapping {!r}
 i - a scroll of silence {!r}
 r - a scroll of teleportation {unknown}
 s - a scroll of butterflies {unknown}
 I - a scroll of enchant armour
Potions
 e - a potion of haste {unknown}
 j - a potion of ambrosia {unknown}
 l - a potion of mutation {unknown}
 n - 2 potions of might {unknown}
 p - a potion of berserk rage {unknown}
 w - 2 potions of degeneration {unknown}
 z - a potion of curing {@q1}

Dungeon Overview and Level Annotations

Branches:
Dungeon (4/15) Zot: 19357
 Temple: D:4-7

Altars:

Shops:
D:2 !

Annotations:
D:2 1 runed translucent door, Crazy Yiuf

#...[#)#...##<##..#
##.......###
######)#.........##
#..###.#....
#)#......#...###.##########
#.#......###.....#....#....
.
#.#.......#####.>#.####....
.
#)#........#.....#.........
.
#.#........#...............
.
#.##########..g...#........
.
#.........@#..............#
.##
#########..)g....#######'##
#.## #.........#.....#.#
#..## #.(..######.###.#.#
)#..####.## ####.# #.#
#.#.# ###o.<..^.# #.# .#
#.#.# #..####..# #.# #...#
#.## # ###.... ##..# #.#
#.#.#.#### ##.##


You could see a gnoll.


Message History

Your Fighting skill increases to level 5!
Your Short Blades skill increases to level 2!
Your Long Blades skill increases to level 2!
Your Axes skill increases to level 2!
Your Maces & Flails skill increases to level 2!
Your Polearms skill increases to level 5!
Your Staves skill increases to level 2!
Your Ranged Weapons skill increases to level 2!
Your Dodging skill increases to level 5!
Your Stealth skill increases to level 2!
Your Shields skill increases to level 2!
Your Unarmed Combat skill increases to level 2!
Your Evocations skill increases to level 2! 😨 HP[+1] MP[+1]
You now have 51 max hp (+4).
Your mp is fully restored (14).
You hit the giant cockroach. The giant cockroach closely misses you.
You hit the giant cockroach. The giant cockroach closely misses you.
The giant cockroach misses you.
You completely miss the giant cockroach.
The giant cockroach bites you but does no damage.
You hit the giant cockroach.
You kill the giant cockroach!
You closely miss the orc. The orc completely misses you. 😨 HP[+1]
You hit the orc. The orc completely misses you.
You closely miss the orc. Your bite misses the orc. The orc barely misses you.
You hit the orc.
You kill the orc!
Items here: ) †††.
Key pressed, stopping explore.
A gnoll is nearby!
A gnoll is nearby! 😮 HP[+12]
You regained 12 hp, and now have 31/51 hp.
A gnoll is nearby!
A gnoll is nearby!
A gnoll is nearby!
You are too injured to fight recklessly!
You are too injured to fight recklessly!
You are too injured to fight recklessly!
Items here: )) ††.
Items here: )) ††.
You start resting.
A gnoll is nearby! 😕 HP[+13]
You regained 13 hp, and now have 44/51 hp.
A gnoll is nearby!
A gnoll is nearby!
Failed to move towards target.
Failed to move towards target.
Things that are here:
a +0 hand axe; an orc corpse 😕 HP[+1] 😕 HP[+1] 😕 HP[+1]
The gnoll shouts!
You hear a shout! x2
The gnoll throws a throwing net.
The throwing net barely misses you.
You barely miss the gnoll.
The gnoll hits you with a +0 flail. 😕 HP[-3]
You take 3 damage, and now have 44/51 hp.
You hit the gnoll. Your bite misses the gnoll.
The gnoll hits you with a +0 flail! 😮 HP[-10]
You take 10 damage, and now have 34/51 hp.
You are too injured to fight recklessly!
You are too injured to fight recklessly!
You are too injured to fight recklessly!
The gnoll attacks as you move away! The gnoll closely misses you.
The gnoll attacks as you move away! The gnoll misses you. 😮 HP[+1]
You barely miss the gnoll. The gnoll completely misses you.
You hit the gnoll. The gnoll closely misses you.
You closely miss the gnoll.
The gnoll hits you with a +0 flail! 😮 HP[-9]
You take 9 damage, and now have 26/51 hp.
You hit the gnoll. The gnoll misses you. 😮 HP[+1]
You barely miss the gnoll. Your bite misses the gnoll.
The gnoll barely misses you.
You hit the gnoll. The gnoll hits you but does no damage.
You barely miss the gnoll.
The gnoll hits you with a +0 flail. 😮 HP[-1]
You take 1 damage, and now have 26/51 hp.
You closely miss the gnoll. Your bite misses the gnoll.
The gnoll hits you with a +0 flail!
* * * LOW HITPOINT WARNING * * *
The gnoll misses you. 😨 HP[-10]
You take 10 damage, and now have 16/51 hp.
You hit the gnoll.
You kill the gnoll!
The gnoll hits you from afar with a +0 halberd!
* * * LOW HITPOINT WARNING * * *
The gnoll closely misses you. 😱 HP[-11]
You take 11 damage, and now have 5/51 hp.
MASSIVE DAMAGE!! (PAUSE)
You feel better.
The gnoll hits you from afar with a +0 halberd!
You die...

Skill      XL: |  1  2  3  4  5  6 |
---------------+-------------------+-----
Spellcasting   | 5 |  5.4
Invocations    | 1 2 |  2.2
Short Blades   | 1 2 |  2.0
Long Blades    | 1 2 |  2.0
Axes           | 1 2 |  2.0
Maces & Flails | 1 2 |  2.0
Staves         | 1 2 |  2.0
Ranged Weapons | 1 2 |  2.0
Stealth        | 1 2 |  2.0
Shields        | 1 2 |  2.0
Unarmed Combat | 1 2 |  2.0
Evocations     | 1 2 |  2.0
Conjurations   | 1 |  1.6
Hexes          | 1 |  1.6
Summonings     | 1 |  1.6
Necromancy     | 1 |  1.6
Transmutations | 1 |  1.6
Fire Magic     | 1 |  1.6
Ice Magic      | 1 |  1.6
Air Magic      | 1 |  1.6
Earth Magic    | 1 |  1.6
Poison Magic   | 1 |  1.6
Throwing       | 3 |  3.3
Armour         | 3 |  3.3
Fighting       | 5 |  5.0
Polearms       | 5 |  5.0
Dodging        | 5 |  5.0
Translocations | |  5.7

Action                   |  1- 3 |  4- 6 || total
-------------------------+-------+-------++-------
Melee: Spear             |   120 |   208 ||   328
       Bite              |     6 |    18 ||    24
       Trident           |       |    38 ||    38
       Punch             |       |     5 ||     5
Throw: Boomerang         |       |     6 ||     6
  Use: Potion            |       |     3 ||     3
       Scroll            |       |     3 ||     3
 Stab: Sleeping          |     2 |     2 ||     4
Armor: Leather armour    |    12 |    43 ||    55
Dodge: Dodged            |    53 |   100 ||   153

Levels and vault maps discovered:
D:1:      mrwooster_arrival_statue_3, layout_basic,
          ebering_ecumenical_altar_webs, nrook_mini_backslash,
          hangedman_decor_points, chequers_serial_rivers_micro_c
D:2:      layout_loops_corners, serial_shops, shop, serial_bayou_lake_a,
          uniq_crazy_yiuf_cottage, uniq_terence, uniq_jessica, uniq_natasha
D:3:      layout_loops_ring
D:4:      layout_basic, mainiacjoe_overflow_small_starburst,
          nicolae_tso_carved_into_rock, serial_shops, nicolae_diamond_shop,
          serial_co_window_serial, co_window_paths_a,
          co_window_of_opportunity_a, co_window_corner_a, co_window_corner_a,
          co_window_paths_a, co_window_paths_b, co_window_paths_b,
          co_window_broadway_a, co_window_corner_cb, co_window_corner_ca,
          co_window_of_opportunity_c, glass_columns_a, glass_columns_a,
          glass_columns_b, nicolae_concentric_dashed_squares_mild

Notes
Turn   | Place    | Note
-------+----------+-------------------------------------------
     0 | D:1      | spiderkeys the Gnoll Warper began the quest for the Orb.
     0 | D:1      | Reached XP level 1. HP: 20/20 MP: 6/6
     0 | D:1      | magus.rc [v1.11.3]
   164 | D:1      | Reached XP level 2. HP: 23/26 MP: 7/7
   705 | D:1      | Found a faded altar of an unknown god.
   945 | D:2      | Reached skill level 5 in Spellcasting
   945 | D:2      | Reached XP level 3. HP: 31/31 MP: 7/9
  1001 | D:2      | Found Juwakago's Distillery.
  1280 | D:2      | Reached skill level 1 in Invocations
  1726 | D:2      | Noticed Jessica
  1732 | D:2      | Noticed Natasha
  1736 | D:2      | Killed Jessica
  1737 | D:2      | Reached skill level 1 in Short Blades
  1737 | D:2      | Reached skill level 1 in Long Blades
  1737 | D:2      | Reached skill level 1 in Axes
  1737 | D:2      | Reached skill level 1 in Maces & Flails
  1737 | D:2      | Reached skill level 1 in Staves
  1737 | D:2      | Reached skill level 1 in Ranged Weapons
  1737 | D:2      | Reached skill level 1 in Stealth
  1737 | D:2      | Reached skill level 1 in Shields
  1737 | D:2      | Reached skill level 1 in Unarmed Combat
  1737 | D:2      | Reached skill level 1 in Evocations
  1737 | D:2      | Reached XP level 4. HP: 25/38 MP: 11/11
  1748 | D:2      | Killed Natasha
  1749 | D:2      | Reached skill level 1 in Conjurations
  1749 | D:2      | Reached skill level 1 in Hexes
  1749 | D:2      | Reached skill level 1 in Summonings
  1749 | D:2      | Reached skill level 1 in Necromancy
  1749 | D:2      | Reached skill level 1 in Transmutations
  1749 | D:2      | Reached skill level 1 in Fire Magic
  1749 | D:2      | Reached skill level 1 in Ice Magic
  1749 | D:2      | Reached skill level 1 in Air Magic
  1749 | D:2      | Reached skill level 1 in Earth Magic
  1749 | D:2      | Reached skill level 1 in Poison Magic
  1897 | D:2      | Noticed Terence
  1932 | D:2      | Killed Terence
  1933 | D:2      | Reached XP level 5. HP: 33/43 MP: 12/12
  2171 | D:2      | Found a runed translucent door.
  2172 | D:2      | Noticed Crazy Yiuf
  2230 | D:2      | Noticed Natasha
  2249 | D:2      | HP: 9/43 [Natasha/magic dart (7)]
  2255 | D:2      | Killed Natasha
  2256 | D:2      | Reached skill level 3 in Throwing
  2256 | D:2      | Reached skill level 3 in Armour
  3142 | D:3      | Identified the +1 scale mail "Zagoink" {rElec rC+ Str+6
                  | Int-5}
  4114 | D:4      | Reached skill level 2 in Invocations
  4440 | D:4      | Reached XP level 6. HP: 46/50 MP: 13/13
  4452 | D:4      | HP: 9/48 [necrophage (5)]
  4455 | D:4      | Reached skill level 5 in Fighting
  4455 | D:4      | Reached skill level 2 in Short Blades
  4455 | D:4      | Reached skill level 2 in Long Blades
  4455 | D:4      | Reached skill level 2 in Axes
  4455 | D:4      | Reached skill level 2 in Maces & Flails
  4455 | D:4      | Reached skill level 5 in Polearms
  4455 | D:4      | Reached skill level 2 in Staves
  4455 | D:4      | Reached skill level 2 in Ranged Weapons
  4455 | D:4      | Reached skill level 5 in Dodging
  4455 | D:4      | Reached skill level 2 in Stealth
  4455 | D:4      | Reached skill level 2 in Shields
  4455 | D:4      | Reached skill level 2 in Unarmed Combat
  4455 | D:4      | Reached skill level 2 in Evocations
  4640 | D:4      | HP: 5/51 [gnoll/+0 halberd (12)]
  4641 | D:4      | Slain by a gnoll

Vanquished Creatures
  A necrophage (D:4)
  Jessica (D:2)
  Terence (D:2)
  Natasha (twice) (D:2)
  2 gnolls
  3 adders
  A worm (D:2)
  2 dart slugs
  17 orcs
  4 bats
  6 endoplasms
  4 giant cockroaches
  4 goblins
  5 hobgoblins
  4 quokkas
  7 ball pythons
  3 frilled lizards (D:1)
  4 kobolds
  7 rats
78 creatures vanquished.

Vanquished Creatures (others)
  22 plants (D:2)
22 creatures vanquished.

Grand Total: 100 creatures vanquished

Table legend:
 A = Non-vault XP
 B = Vault XP
 C = Vault XP percentage of total XP
 D = Non-vault monster count
 E = Vault monster count
 F = Vault count percentage of total count
                 A         B        C        D         E       F
            +---------+---------+-------+---------+---------+-------
      Total |     333 |     108 |  24.5 |      75 |       3 |   3.8
            +---------+---------+-------+---------+---------+-------
        D:1 |      33 |       0 |   0.0 |      20 |       0 |   0.0
        D:2 |      84 |     108 |  56.2 |      14 |       3 |  17.6
        D:3 |      55 |       0 |   0.0 |      22 |       0 |   0.0
        D:4 |     161 |       0 |   0.0 |      19 |       0 |   0.0
            +---------+---------+-------+---------+---------+-------

Illustrated notes

Table legend:
 A = Kills in this place as a percentage of kills in entire the game.
 B = Kills by you in this place as a percentage of kills by you in the entire game.
 C = Kills by friends in this place as a percentage of kills by friends in the entire game.
 D = Other kills in this place as a percentage of other kills in the entire game.
 E = Experience gained in this place as a percentage of experience gained in the entire game.
 F = Experience gained in this place divided by the number of levels of this place that you have seen.
                   A       B       C       D       E      F
               +-------+-------+-------+-------+-------+----------------------
         Total | 100.0 | 100.0 |   N/A |   N/A | 100.0 | 110.2
       Dungeon | 100.0 | 100.0 |   N/A |   N/A | 100.0 | 110.2
               +-------+-------+-------+-------+-------+----------------------

Table legend: (Time is in decaauts)
 A = Elapsed time spent in this place.
 B = Non-inter-level travel time spent in this place.
 C = Inter-level travel time spent in this place.
 D = Time resting spent in this place.
 E = Time spent auto-exploring this place.
 F = Levels seen in this place.
 G = Mean time per level.
                   A        B        C        D        E       F      G
               +--------+--------+--------+--------+--------+-----+--------+
         Total |   4641 |   4484 |    157 |    167 |   3645 |   4 | 1160.2 |
       Dungeon |   4641 |   4484 |    157 |    167 |   3645 |   4 | 1160.2 |
               +--------+--------+--------+--------+--------+-----+--------+

Top non-repeatable levels by time:
     D:2: 1719 daAuts
     D:3: 1209 daAuts
     D:1: 906 daAuts
     D:4: 806 daAuts
